 Dungeon Crawl Stone Soup version 0.30-b1-2-g02819fbbbe (webtiles) character file.

Game seed: 4783922869037596756

541 erloom the Slasher (level 6, 0/46 HPs)
             Began as a Demigod Gladiator on May 28, 2023.
             Succumbed to a water moccasin's poison
             ... on level 6 of the Dungeon.
             The game lasted 00:07:47 (3116 turns).

erloom the Slasher (Demigod Gladiator)              Turns: 3116, Time: 00:07:47

Health: 0/46       AC:  7    Str: 13 (15) XL:     6   Next: 76%
Magic:  8/8        EV: 13    Int: 16      God:
Gold:   136        SH:  0    Dex: 20 (23) Spells: 5/5 levels left

rFire   . . .        a - +0 long sword
rCold   + . .        (no shield)
rNeg    . . .        o - +0 ring mail
rPois   .            c - +0 helmet
rElec   .            y - +0 cloak
rCorr   .            (no gloves)
SInv    .            (no boots)
Will    .....        s - amulet of regeneration
Stlth   +            i - +6 ring of intelligence
HPRegen 1.07/turn    (no ring)
MPRegen 0.11/turn

%: no passive effects
@: lethally poisoned (0 -> -8), flying, hasted, very quick
A: high MP 1, forlorn, divine attributes, cold resistance 1, frail 1
a: no special abilities


You were on level 6 of the Dungeon.
You visited 1 branch of the dungeon, and saw 6 of its levels.

You collected 136 gold pieces.

Inventory:

Hand Weapons
 a - a +0 long sword (weapon)
 A - a +1 flail of venom
Missiles
 d - 3 throwing nets (quivered)
 e - a javelin
Armour
 b - a +0 leather armour
 c - a +0 helmet (worn)
 o - a +0 ring mail (worn)
 y - a +0 cloak (worn)
Jewellery
 i - a +6 ring of intelligence (left hand)
 s - an amulet of regeneration (around neck)
Scrolls
 f - 3 scrolls of fear {unknown}
 h - a scroll of immolation {unknown}
 j - 3 scrolls of magic mapping {unknown}
 k - 4 scrolls of identify {unknown}
 l - a scroll of amnesia {unknown}
 m - 2 scrolls of teleportation {unknown}
 t - a scroll of poison {unknown}
 v - 3 scrolls of noise {unknown}
 x - a scroll of enchant armour {unknown}
 B - a scroll of enchant weapon {unknown}
Potions
 z - a potion of cancellation {unknown}


   Skills:
 + Level 3.8 Fighting
 * Level 5.4 Long Blades
 - Level 1.7 Throwing
 + Level 4.3 Dodging


You had 5 spell levels left.
You didn't know any spells.
Your spell library contained the following spells:

 Spells                   Type           Power      Damage    Failure   Level
 Beastly Appendage        Tmut           0%         N/A       50%         1
 Sublimation of Blood     Necr           0%         N/A       63%         2
 Wereblood                Tmut           0%         N/A       63%         2
 Spider Form              Tmut/Pois      0%         N/A       86%         3
 Summon Ice Beast         Ice/Summ       0%         N/A       99%         4
 Summon Mana Viper        Hex/Summ       0%         N/A       100%        5
 Monstrous Menagerie      Summ           0%         N/A       100%        7
 Summon Hydra             Summ           0%         N/A       100%        7


Dungeon Overview and Level Annotations

Branches:
Dungeon (6/15)             Temple (0/1) D:5

Annotations:
D:3 Terence
D:5 2 transporters, iucounu's ghost, novice HOFi


Innate Abilities, Weirdness & Mutations

You have an increased reservoir of magic. (+10% MP)
You shall have no god before yourself.
Your divine heritage dramatically boosts your attributes as you level up.
Your flesh is cold resistant. (rC+)
You are frail. (-10% HP)


Message History

There was something very wrong with that liquid.
You feel weakened.
You feel dopey.
You feel clumsy.
You feel sick. The water moccasin bites you.
* * * LOW HITPOINT WARNING * * *
You are lethally poisoned!
The water moccasin poisons you! The water moccasin barely misses you.
It was a potion of curing.
You feel better.
You feel less invigorated. The water moccasin bites you.
You are poisoned.
The water moccasin poisons you! The water moccasin barely misses you.
Unknown command.
You slash the water moccasin!
You kill the water moccasin!
You feel sick. The water moccasin bites you!
* * * LOW HITPOINT WARNING * * *
You feel your intelligence returning.
Your Long Blades skill increases to level 5!
Unknown command.
Unknown command.
You hit the water moccasin.
The water moccasin is almost dead.
You feel sick. The water moccasin bites you.
* * * LOW HITPOINT WARNING * * *
You are lethally poisoned!
The water moccasin poisons you!
Unknown command.
You slash the water moccasin!
You kill the water moccasin!
* * * LOW HITPOINT WARNING * * *
You feel very sick.
You feel your intelligence returning.
Unknown command.
It was a potion of flight.
You feel very buoyant.
You fly up into the air.
* * * LOW HITPOINT WARNING * * *
You feel very sick.
It was a potion of mutation.
You feel extremely strange.
You feel resistant to cold.
You feel frail.
You die...

......#########........#
......+ ###+#....#
......# #....# ......#
####+# #....# .##+#..
......####....# . #..
>.............# #..
..............# #...
.........!#+###
.......@..# #.........#
#.........# +....>....#
#.........# ..####....#
.. #....# #....#


There were no monsters in sight!

Vanquished Creatures
  2 water moccasins (D:6)
  A scorpion (D:5)
  A hound (D:5)
  An orc priest (D:3)
  An iguana (D:3)
  An orc wizard (D:5)
  4 gnolls (D:5)
  5 adders
  An ufetubus (D:5)
  5 orcs
  9 endoplasms
  5 hobgoblins
  8 jackals (D:3)
  8 ball pythons
  A bat (D:1)
  4 frilled lizards
  7 goblins
  10 kobolds
  5 rats
79 creatures vanquished.

Notes
Turn   | Place    | Note
-------+----------+-------------------------------------------
     0 | D:1      | erloom the Demigod Gladiator began the quest for the Orb.
     0 | D:1      | Reached XP level 1. HP: 17/17 MP: 3/3
   555 | D:1      | Reached XP level 2. HP: 21/24 MP: 4/4
   696 | D:2      | Reached skill level 3 in Long Blades
  1134 | D:2      | Reached XP level 3. HP: 27/29 MP: 5/5
  1574 | D:3      | Noticed Terence
  1842 | D:3      | Reached XP level 4. HP: 14/37 MP: 6/6
  2111 | D:4      | Noticed a black bear
  2123 | D:3      | HP: 1/37 [poisoned by an orc]
  2131 | D:3      | Reached skill level 4 in Long Blades
  2363 | D:5      | Entered Level 5 of the Dungeon
  2412 | D:5      | Found a transporter.
  2428 | D:5      | Found a transporter.
  2431 | D:5      | Noticed iucounu's ghost (novice HOFi)
  2519 | D:5      | Reached XP level 5. HP: 44/44 MP: 7/7
  2533 | D:4      | Noticed an ogre
  2634 | D:6      | Noticed a water moccasin
  2900 | D:5      | Found a staircase to the Ecumenical Temple.
  2910 | D:5      | Reached XP level 6. HP: 51/51 MP: 8/8
  3072 | D:5      | You fall into a shaft and drop 1 floor!
  3079 | D:6      | Noticed a water moccasin
  3112 | D:6      | Killed a water moccasin
  3113 | D:6      | Reached skill level 5 in Long Blades
  3114 | D:6      | Killed a water moccasin
  3115 | D:6      | HP: 1/52 [poisoned by a water moccasin]
  3116 | D:6      | Gained mutation: Your flesh is cold resistant. (rC+)
                  | [potion of mutation]
  3116 | D:6      | Gained mutation: You are frail. (-10% HP) [potion of
                  | mutation]
  3116 | D:6      | Succumbed to a water moccasin's poison

Illustrated notes

Levels and vault maps discovered:
D:1:      minmay_arrival_split_and_join, layout_basic
D:2:      layout_loops_ring, basic_altar
D:3:      layout_basic, minmay_joined_circles, uniq_terence
D:4:      layout_basic, nzn_hepliaklqana_mist_gate
D:5:      layout_gridville, mainiacjoe_overflow_tiny_flanked,
          nicolae_kikubaaqudgha_miasma_corner,
          minmay_temple_entry_gardened_gates, gammafunk_ghost_stat_death
D:6:      layout_gridville

Skill      XL: |  1  2  3  4  5  6 |
---------------+-------------------+-----
Fighting       | 2 3 |  3.8
Long Blades    | 3 4 5 |  5.4
Dodging        | 3 4 |  4.3
Throwing       | |  1.7

Action                     |  1- 3 |  4- 6 || total
---------------------------+-------+-------++-------
  Melee: Long sword        |   123 |   143 ||   266
         Punch             |       |     1 ||     1
  Evoke: Wand              |       |     4 ||     4
    Use: Potion            |       |     7 ||     7
   Stab: Sleeping          |     1 |       ||     1
 Armour: Leather armour    |    11 |       ||    11
         Ring mail         |    45 |    79 ||   124
  Dodge: Dodged            |    79 |   171 ||   250
